 Dungeon Crawl Stone Soup version 0.22-a0-162-g33bf1272b0 (console) character file.

40 Muffindrake the Ducker (level 3, -2/17 HPs)
             Began as a Felid Berserker on Feb 12, 2018.
             Was a Follower of Trog.
             Slain by a worm (6 damage)
             ... on level 2 of the Dungeon.
             The game lasted 00:03:16 (1081 turns).

Muffindrake the Ducker (Felid Berserker)            Turns: 1081, Time: 00:03:17

Health: -2/17      AC:  1    Str: 14    XL:     3   Next: 30%
Magic:  4/4        EV: 19    Int:  8    God:    Trog [*.....]
Gold:   71         SH:  0    Dex: 15    Spells: 2/2 levels left
                                        Lives:  0   Deaths: 0

rFire    . . .     SeeInvis +     - Unarmed
rCold    . . .     Gourm    .   (shield unavailable)
rNeg     . . .     Faith    .   (armour unavailable)
rPois    .         Spirit   .   (helmet unavailable)
rElec    .         Reflect  .   (cloak unavailable)
rCorr    .         Harm     .   (gloves unavailable)
MR       .....                  (boots unavailable)
Stlth    ++........             (no amulet)
HPRegen  0.05/turn              (no ring)
MPRegen  0.09/turn              (no ring)

@: berserk cooldown, slowed, slow
A: very small, no armour, no weapons or thrown items, stealth, claws 1, fangs 3,
see invisible, carnivore, speed 1, shaggy fur 1, slow metabolism 1, sharp paws
a: Berserk, Burn Spellbooks, Renounce Religion


You were on level 2 of the Dungeon.
You worshipped Trog.
Trog was aware of your devotion.
You were very full.

You visited 1 branch of the dungeon, and saw 2 of its levels.

You collected 71 gold pieces.

Inventory:

Scrolls
 b - 3 scrolls of identify {unknown}
 d - a scroll of fear {unknown}
 e - 2 scrolls of teleportation {unknown}
 f - a scroll of random uselessness {unknown}
Potions
 c - a potion of agility {unknown}
Comestibles
 a - 2 rations
 g - 3 chunks of flesh


   Skills:
 + Level 3.3 Fighting
 + Level 4.4 Dodging
 + Level 1.7 Stealth
 * Level 3.6 Unarmed Combat


You had 2 spell levels left.
You didn't know any spells.

Dungeon Overview and Level Annotations

Branches:
Dungeon (2/15)

Altars:


Innate Abilities, Weirdness & Mutations

You cannot wear armour.
You are incapable of wielding weapons or throwing items.
Your paws allow you to move quietly. (Stealth)
You have sharp claws.
You have razor-sharp teeth.
You have supernaturally acute eyesight. (SInv)
You are carnivorous and can eat meat at any time.
You cover ground quickly.
You are covered in fur. (AC +1)
You have a slow metabolism.
Your sharp claws are effective at attacking unaware monsters.


Message History

You are too injured to fight recklessly!
Things that are here:
a dagger; 24 arrows A red film seems to cover your vision as you go berserk!
You feel yourself moving faster!
You feel mighty!
You feel quite a bit less full.
You feel a strong urge to attack something.
You barely miss the frilled lizard. Your claw misses the frilled lizard.
You claw the frilled lizard!
You kill the frilled lizard!
Trog accepts your kill.
You feel a strong urge to attack something.
You are no longer berserk.
You are exhausted.
You feel yourself slow down.
You scratch the worm.
The worm is moderately wounded.
You scratch the worm.
The worm is moderately wounded.
The worm bites you.
You die...

#.#
#.####################
..>..................#
#..################.##
#..# #.# #..# #.# #..#
#.# #... ########.##
##.. ..........# ....
##########..##
#......w@...#
#.########.## #...w.#
...# $......## #####
######..# #..# ....
#.## #..


You could see a worm.

Vanquished Creatures
  2 gnolls (D:1)
  A dart slug (D:1)
  3 bats (D:1)
  A giant cockroach (D:1)
  3 goblins
  A hobgoblin (D:1)
  3 frilled lizards
  3 kobolds (D:1)
  4 rats (D:1)
21 creatures vanquished.

Notes
Turn   | Place    | Note
-------+----------+-------------------------------------------
     0 | D:1      | Muffindrake the Felid Berserker began the quest for the Orb.
     0 | D:1      | Reached XP level 1. HP: 10/10 MP: 2/2
   431 | D:1      | Reached skill level 1 in Stealth
   431 | D:1      | Reached XP level 2. HP: 14/14 MP: 3/3
   592 | D:1      | Reached XP level 3. HP: 5/17 MP: 4/4
  1081 | D:2      | Slain by a worm

Vault maps used:
D:1:      lightli_arrival_flooded_house, solitary_fountain
D:2:      gammafunk_temple_overflow_wave, overflow_temple_1_default,
          nrook_uturn, eino_curves_01

Skill      XL: |  1 |
---------------+----+-----
Stealth        | 1 |  1.7
Fighting       | |  3.3
Dodging        | |  4.4
Unarmed Combat | |  3.6

Action                   || total
-------------------------++-------
Melee: Unarmed           ||    67
       Bite              ||     3
Invok: Berserk           ||     1
 Stab: Sleeping          ||     3
  Eat: Chunk             ||     7
Armor: Skin              ||     3
Dodge: Dodged            ||    50

Table legend:
 A = Spawn XP
 B = Non-spawn XP
 C = Spawn XP percentage of total XP
 D = Spawn monster count
 E = Non-spawn monster count
 F = Spawn count percentage of total count
 G = Total turns spent on level
                    A         B        C        D         E        F      G
               +---------+---------+-------+---------+---------+-------+---------
         Total |       0 |      58 |   0.0 |       0 |      21 |   0.0 |  1081
               +---------+---------+-------+---------+---------+-------+---------
           D:1 |       0 |      55 |   0.0 |       0 |      19 |   0.0 |  1012
           D:2 |       0 |       3 |   0.0 |       0 |       2 |   0.0 |    69
               +---------+---------+-------+---------+---------+-------+---------
